AoeStats
← Capt_Obv

Arena

509452980Analyzed
1v1 RM · 4d ago on Sep 26, 2026· 51m 35s· 2 players
Game mode
Random Map
Map size
Tiny (2 player)
Population
200
Speed
Normal
Resources
Standard
Victory
Conquest
Starting age
Dark Age
Ending age
Imperial Age
RankedLock teamsTeams togetherTeam positionsShared explorationLock speedFull tech treeHidden civsTurbo modeCheats
Victory
Defeat
🇵🇹 Byzantines · Portugal
103
+15
🇺🇸 Celts · United States
92
-15
Capt_Obv
12:17 Feudal Age
10:33 Loom
13:45 Double-Bit Axe
23:23 Castle Age
23:34 Castle Age
23:24 Horse Collar
23:10 Man-at-Arms
24:57 Scale Mail Armor
25:08 Forging
24:49 Fletching
25:32 Bow Saw
25:11 Long Swordsman
25:15 Pikeman
27:55 Chain Mail Armor
28:15 Iron Casting
29:11 Arson
29:12 Gambesons
33:06 Bodkin Arrow
35:17 Stronghold
41:14 Gold Mining
41:15 Stone Mining
46:58 Wheelbarrow
46:36 Scale Barding Armor
46:32 Padded Archer Armor
50:04 Leather Archer Armor
50:10 Chain Barding Armor
FF_EF_AF
11:44 Feudal Age
10:42 Loom
14:42 Scale Mail Armor
14:34 Fletching
21:19 Castle Age
23:55 Forging
23:54 Padded Archer Armor
23:50 Bodkin Arrow
24:33 Thumb Ring
26:04 Crossbowman
35:55 Ballistics
40:42 Imperial Age
43:13 Chemistry
43:30 Arbalester
Connection lost

Rejoining the realm…

Still unreachable

The connection could not be restored.

Session expired

The server has moved on; the page needs a fresh start.